Map: 机械城 - 天梯版

Players

Neeb - Winner!

  • Race: Protoss Protoss

Reynor

  • Race: Zerg Zerg

Event: WESG 2018 Grand Finals

VOD

Have the link to the VOD?

Description

Time

  • Played on: March 13, 2019, 8:12 a.m.
  • Length: 13:16

All games in this series

Show
View Real Time Build Order
Export as new Build Order

Neeb Protoss - Winner!

Build Orders: 1 Gate Expand, Oracle Opening 

Get SALT Encoding   

  12  0:00  Probe  
  13  0:12  Probe  
  14  0:17  Pylon  
  14  0:24  Probe  
  15  0:32  Assimilator  
  15  0:33  Probe  
  16  0:43  Gateway  
  16  0:44  Probe  
  17  0:54  Probe  
  18  1:06  Probe  
  19  1:18  Probe  
  20  1:25  Nexus  
  20  1:35  Cybernetics Core  
  20  1:37  Probe  
  21  1:42  Assimilator  
  21  1:50  Probe  
  21  1:53  Pylon  
  22  2:01  Adept  
  22  2:02  Probe  
  23  2:14  Probe  
  26  2:21  Stargate  
  26  2:22  Adept  
  26  2:24  Warp Gate  
  26  2:26  Probe  
  27  2:33  Probe  
  29  2:38  Probe  
  29  2:42  Probe  
  31  2:50  Probe  
  33  2:52  Probe  
  33  2:53  Adept  
  36  2:59  Oracle  
  36  3:03  Probe  
  36  3:04  Probe  
  41  3:10  Pylon  
  41  3:15  Probe  
  41  3:16  Probe  
  43  3:25  Gateway  
  43  3:27  Gateway, Oracle  
  43  3:31  Probe  
  43  3:32  Probe  
  48  3:43  Probe  
  48  3:44  Probe  
  50  3:55  Probe, Oracle  
  52  4:04  Pylon  
  52  4:08  Pylon  
  54  4:10  Assimilator  
  54  4:15  Assimilator  
  54  4:16  Pylon  
  54  4:22  Probe x2  
  56  4:29  Phoenix  
  56  4:34  Probe x2  
  56  4:41  Robotics Facility  
  56  4:42  Adept x2  
  60  4:45  Adept  
  60  4:46  Probe  
  60  4:47  Probe  
  60  4:50  Pylon  
  64  4:58  Probe  
  64  4:59  Probe  
  66  5:05  Adept x2  
  66  5:06  Adept  
  72  5:10  Probe  
  72  5:11  Probe  
  74  5:16  Forge  
  74  5:23  Probe x2  
  74  5:24  Observer  
  74  5:25  Sentry x2  
  74  5:27  Nexus  
  80  5:28  Pylon  
  80  5:35  Adept  
  83  5:37  Probe  
  83  5:39  Probe  
  81  5:50  Immortal  
  81  5:54  Protoss Ground Weapons Level 1  
  81  5:55  Probe  
  77  6:04  Phoenix  
  77  6:06  Nexus  
  77  6:07  Probe  
  77  6:08  Pylon  
  76  6:16  Sentry  
  76  6:17  Stalker, Sentry  
  80  6:18  Probe  
  80  6:20  Probe  
  80  6:21  Immortal  
  82  6:26  Pylon  
  82  6:31  Probe  
  82  6:32  Probe  
  88  6:33  Robotics Bay  
  88  6:41  Zealot  
  88  6:42  Stalker x2  
  88  6:43  Probe  
  88  6:44  Probe  
  96  6:49  Shield Battery  
  96  6:50  Shield Battery  
  96  6:53  Pylon  
  96  6:57  Immortal  
  98  7:04  Stalker  
  98  7:08  Shield Battery  
  99  7:11  Stalker  
  99  7:13  Stalker, Shield Battery  
  95  7:21  Probe x2  
  95  7:29  Oracle  
  96  7:31  Shield Battery  
  96  7:33  Stalker, Shield Battery  
  96  7:35  Stalker x2  
  96  7:36  Colossus  
  101  7:39  Shield Battery  
  101  7:47  Probe  
  101  7:50  Assimilator  
  108  7:52  Protoss Ground Armor Level 1  
  108  7:54  Assimilator  
  108  7:56  Probe x2  
  110  8:01  Twilight Council  
  110  8:07  Probe  
  110  8:08  Forge  
  110  8:09  Probe  
  110  8:10  Pylon  
  112  8:21  Stalker x3  
  112  8:25  Protoss Ground Weapons Level 2  
  118  8:27  Colossus  
  118  8:32  Gateway x2  
  118  8:35  Gateway  
  118  8:38  Gateway  
  118  8:39  Pylon  
  124  8:49  Extended Thermal Lance  
  124  8:58  Probe x2  
  126  9:07  Gateway  
  126  9:08  Stalker x2  
  126  9:09  Stalker, Pylon  
  132  9:10  Blink  
  132  9:17  Photon Cannon  
  132  9:21  Colossus  
  138  9:25  Pylon  
  138  9:27  Nexus  
  138  9:34  Stalker x2  
  138  9:37  Stalker  
  144  9:56  Protoss Ground Armor Level 2  
  144  10:01  Pylon  
  144  10:02  Stalker x5  
  144  10:04  Pylon  
  154  10:10  Stalker  
  154  10:13  Stalker  
  155  10:16  Protoss Ground Weapons Level 3  
  155  10:21  Probe  
  155  10:22  Probe  
  156  10:31  Observer  
  156  10:33  Stalker x3  
  162  10:40  Stalker  
  162  10:41  Stalker x3  
  170  10:56  Photon Cannon  
  167  11:02  Probe  
  167  11:03  Probe x3  
  167  11:21  Stalker x4  
  175  11:31  Colossus  
  175  11:32  Stalker x4  
  180  11:36  Probe  
  180  11:37  Probe x2  
  180  11:44  Stalker x3  
  182  11:51  Probe  
  182  11:59  Stalker x3  
  182  12:00  Stalker  
  188  12:07  Sentry x2  
  186  12:09  Stalker  
  186  12:12  Pylon  
  186  12:14  Pylon  
  188  12:30  Probe x2  
  188  12:33  Stalker x3  
  188  12:34  Stalker  
  148  13:06  Stalker x8  
Show
View Real Time Build Order
Export as new Build Order

Reynor Zerg 

Build Orders: Hatch First 

Get SALT Encoding   

  12  0:00  Drone  
  13  0:12  Overlord  
  13  0:18  Drone  
  14  0:31  Drone x2  
  14  0:34  Drone  
  17  0:53  Hatchery  
  17  0:57  Drone  
  17  1:00  Drone  
  18  1:11  Extractor  
  17  1:15  Spawning Pool  
  17  1:18  Drone  
  17  1:22  Drone  
  18  1:28  Drone  
  19  1:39  Drone  
  20  1:49  Overlord  
  20  2:02  Queen  
  20  2:04  Queen  
  20  2:05  Drone  
  20  2:06  Drone  
  26  2:12  Zergling x2  
  27  2:17  Metabolic Boost, Zergling x2  
  27  2:22  Drone  
  29  2:26  Drone  
  30  2:37  Drone  
  30  2:42  Hatchery  
  30  2:43  Drone  
  31  2:44  Drone  
  31  2:50  Overlord  
  32  2:57  Queen  
  34  2:58  Zergling x2  
  36  3:10  Drone x2  
  37  3:13  Drone x3  
  37  3:17  Overlord  
  40  3:20  Drone  
  40  3:24  Queen  
  43  3:28  Drone  
  43  3:32  Overlord  
  44  3:38  Drone  
  44  3:41  Spore Crawler  
  44  3:44  Queen  
  44  3:46  Zergling x2  
  47  3:49  Drone  
  47  3:50  Drone x3  
  47  3:55  Zergling x2  
  52  4:00  Drone  
  50  4:03  Queen  
  50  4:04  Drone x4  
  50  4:08  Spore Crawler  
  55  4:11  Zergling x4  
  55  4:16  Drone  
  58  4:18  Overlord  
  58  4:21  Spore Crawler  
  56  4:27  Drone x4  
  57  4:33  Drone x3  
  57  4:36  Drone  
  60  4:39  Drone x3  
  60  4:41  Drone  
  64  4:46  Lair  
  64  4:48  Drone  
  64  4:49  Drone  
  64  4:50  Drone  
  67  4:56  Roach Warren, Extractor  
  67  4:57  Drone  
  67  4:58  Extractor  
  65  5:03  Overlord  
  65  5:06  Zergling x10  
  70  5:10  Zergling x2  
  70  5:12  Zergling x2  
  70  5:13  Zergling x4  
  74  5:16  Overlord  
  74  5:20  Overlord  
  74  5:22  Overlord  
  74  5:28  Overlord  
  74  5:36  Roach x4  
  81  5:43  Roach x3  
  79  5:52  Drone x3  
  79  5:53  Drone  
  79  5:55  Roach x4  
  88  5:58  Drone x3  
  88  6:01  Roach x3  
  88  6:02  Roach  
  96  6:12  Queen, Nydus Network  
  96  6:15  Zergling x6  
  96  6:16  Zergling x2  
  100  6:19  Glial Reconstitution  
  100  6:20  Zergling x2  
  100  6:23  Roach  
  103  6:25  Drone  
  103  6:28  Overlord  
  103  6:32  Zergling x2  
  105  6:36  Overlord  
  105  6:41  Overlord  
  105  6:46  Overlord  
  105  6:47  Zergling x8  
  105  6:48  Zergling x4  
  105  6:50  Nydus Canal  
  105  6:51  Queen  
  113  6:56  Zergling x6  
  113  7:02  Ravager x3  
  113  7:03  Zergling x6  
  116  7:09  Zergling x4  
  114  7:17  Zergling x2  
  114  7:20  Roach x2  
  108  7:29  Zergling x4  
  105  7:36  Zergling x4  
  98  7:39  Spire, Drone  
  98  7:41  Drone  
  98  7:44  Extractor x2  
  95  7:45  Drone  
  95  7:48  Extractor  
  95  7:50  Drone  
  95  7:52  Drone  
  95  7:57  Drone  
  93  8:01  Drone  
  93  8:03  Drone  
  95  8:05  Evolution Chamber, Hatchery  
  95  8:07  Drone  
  95  8:09  Hatchery  
  93  8:13  Drone x3  
  93  8:14  Drone  
  93  8:18  Drone x2  
  98  8:28  Roach x5  
  108  8:34  Overlord  
  108  8:38  Zergling x4  
  108  8:39  Zergling x4  
  112  8:44  Roach x3  
  112  8:45  Roach  
  120  8:49  Overlord  
  120  8:55  Mutalisk  
  120  8:56  Mutalisk x4  
  120  9:01  Mutalisk  
  132  9:04  Mutalisk  
  132  9:05  Mutalisk  
  132  9:06  Zergling x6  
  132  9:08  Zerg Flyer Weapons Level 1  
  132  9:09  Drone  
  139  9:10  Zergling x4  
  139  9:13  Mutalisk  
  139  9:15  Zergling x2  
  144  9:18  Roach  
  144  9:19  Ravager  
  144  9:22  Roach  
  149  9:24  Roach x2  
  149  9:28  Roach x3  
  149  9:29  Roach  
  149  9:30  Overlord  
  149  9:31  Roach  
  163  9:33  Overlord  
  163  9:34  Roach  
  165  9:41  Overlord  
  165  9:48  Overlord  
  165  9:49  Roach x4  
  173  9:58  Roach x4  
  181  10:01  Roach x4  
  185  10:17  Roach x7  
  196  10:21  Zerg Missile Weapons Level 1  
  196  10:23  Overlord  
  196  10:32  Overlord  
  196  10:41  Roach x7  
  199  10:49  Roach  
  198  10:50  Roach x6  
  196  11:13  Drone x2  
  196  11:15  Hydralisk Den  
  187  11:25  Roach x8  
  199  11:31  Roach  
  187  11:51  Ravager x5  
  187  11:52  Zergling x30  
  199  12:06  Corruptor x9  
  197  12:10  Zergling x4  
  199  12:27  Baneling Nest  
  199  12:28  Ravager, Hatchery  
  199  12:29  Ravager  
  197  12:44  Lurker Den  
  188  12:57  Zergling x32  
Tags
 
Add a new tag
Caveats
  • Supply blocks, unpowered buildings, or Contaminate may cause inaccurate times.
  • Supply counts are checked every 10 seconds.